 Dungeon Crawl Stone Soup version 0.28-a0-589-g333b8329f1 (webtiles) character file.

Game seed: 13501384799822490758

20843 lawman0 the Brawler (level 12, -1/109 HPs)
             Began as a Troll Chaos Knight on Oct 3, 2021.
             Was a Plaything of Xom.
             Slain by a seven-headed hydra (13 damage)
             ... on level 4 of the Lair of Beasts.
             The game lasted 00:20:21 (10086 turns).

lawman0 the Brawler (Troll Chaos Knight)           Turns: 10086, Time: 00:20:23

Health: -1/109     AC:  8    Str: 29    XL:     12   Next: 48%
Magic:  11/11      EV: 11    Int: 14    God:    Xom [......]
Gold:   1541       SH:  9    Dex: 12    Spells: 11/11 levels left

rFire   . . .      SeeInvis +     - Unarmed
rCold   . . .      Faith    .   m - +0 kite shield
rNeg    + . .      Spirit   .   v - +2 robe "Pissu" {rElec Str+7 SInv Stlth-}
rPois   .          Reflect  .   (helmet restricted)
rElec   +          Harm     .   n - +1 cloak {Stlth+}
rCorr   .          Rampage  .   (gloves unavailable)
Will    +....                   (boots unavailable)
Stlth   ++........              J - amulet of magic regeneration
HPRegen 1.28/turn               t - +6 ring of intelligence
MPRegen 0.37/turn               F - ring of positive energy

@: hasted, very quick
A: large, unfitting armour, claws 3, regeneration 1, shaggy fur 1, tough skin 1,
horns 1, strong-willed 1, weak 1, sturdy frame 1
a: Renounce Religion


You were on level 4 of the Lair of Beasts.
You worshipped Xom.
You were a very special plaything of Xom.
You visited 2 branches of the dungeon, and saw 14 of its levels.
You also visited: Sewer and Bailey.

You collected 1828 gold pieces.
You spent 287 gold pieces at shops.

Inventory:

Missiles
 c - 40 boomerangs (quivered)
 e - 56 poisoned darts
 r - 5 curare-tipped darts
 E - 2 large rocks
Armour
 j - a +1 tower shield
 m - a +0 kite shield (worn)
 n - a +1 cloak of stealth (worn)
 v - the +2 robe "Pissu" (worn) {rElec Str+7 SInv Stlth-}
   (You found it on level 5 of the Dungeon)

   Str:       It affects your strength (+7).
   rElec:     It insulates you from electricity.
   SInv:      It lets you see invisible.
   Stlth:     It makes you less stealthy.
Jewellery
 t - a +6 ring of intelligence (left claw)
 F - a ring of positive energy (right claw)
 J - an amulet of magic regeneration (around neck)
 K - a ring of fire
Wands
 w - a wand of iceblast (13)
 y - a wand of flame (53)
 z - a wand of paralysis (5)
 A - a wand of digging (5)
 C - a wand of acid (9)
 I - a wand of polymorph (5)
Scrolls
 h - 3 scrolls of enchant armour
 i - a scroll of holy word
 s - 5 scrolls of enchant weapon
 u - a scroll of torment {unknown}
 x - a scroll of magic mapping
 B - 3 scrolls of amnesia
 D - a scroll of immolation {unknown}
 G - a scroll of silence
Potions
 a - 5 potions of flight
 b - 3 potions of mutation
 d - a potion of brilliance
 f - a potion of haste
 g - a potion of magic
 k - a potion of invisibility
 l - 4 potions of curing
 o - 2 potions of cancellation
 p - 3 potions of might
 q - 3 potions of attraction


   Skills:
 + Level 4.4 Fighting
 + Level 3.3 Throwing
 + Level 5.9 Dodging
 + Level 2.3 Stealth
 * Level 7.1 Shields
 * Level 15.5 Unarmed Combat
 * Level 4.2 Evocations


You had 11 spell levels left.
You didn't know any spells.
Your spell library contained the following spells:

 Spells                   Type           Power      Damage    Failure   Level
 Sandblast                Erth           0%         2d4       38%         1
 Ensorcelled Hibernation  Hex/Ice        0%         N/A       54%         2
 Passwall                 Tmut/Erth      0%         N/A       54%         2
 Dazzling Flash           Conj/Hex       0%         N/A       77%         3
 Gell's Gravitas          Tloc           0%         N/A       77%         3
 Lesser Beckoning         Tloc           0%         N/A       77%         3
 Ozocubu's Armour         Ice            0%         N/A       77%         3
 Stone Arrow              Conj/Erth      0%         3d7       77%         3
 Swiftness                Air            0%         N/A       77%         3
 Teleport Other           Tloc           0%         N/A       77%         3
 Tukima's Dance           Hex            0%         N/A       77%         3
 Agony                    Necr           0%         N/A       100%        5
 Metabolic Englaciation   Hex/Ice        0%         N/A       100%        5
 Silence                  Hex/Air        0%         N/A       100%        5
 Invisibility             Hex            0%         N/A       100%        6
 Simulacrum               Ice/Necr       0%         N/A       100%        6


Dungeon Overview and Level Annotations

Branches:
Dungeon (10/15)            Temple (0/1) D:5            Lair (4/6) D:9
 Shoals (0/4) Lair:3        Snake (0/4) Lair:3        Sewer (visited)
 Bailey (visited)
    Orc: D:9-12

Altars:
Gozag
Nemelex Xobeh
Okawaru
Qazlal
Uskayaw
Xom
Yredelemnul

Shops:
D:8 ?

Annotations:
D:5 3 runed translucent doors, porpoise's ghost, amateur DECj
D:8 2 transporters


Innate Abilities, Weirdness & Mutations

You are too large for most types of armour.
You have claws for hands.
Your natural rate of healing is unusually fast.
You are covered in fur. (AC +1)
You have tough skin. (AC +1)
You have a pair of small horns on your head.
You are strong-willed. (Will+)
You are weak. (Str -2)
Your movements are slightly less encumbered by armour. (ER -2)


Message History

The seven-headed hydra closely misses you.
The seven-headed hydra bites you.
Unknown command.
That's the wrong kind of item! (Use * to select it.) Evoke which item? (* to show all) (? for menu, Esc to quit)
Okay, then.
Aiming: Paralyse
Press: ? - help, Shift-Dir - straight line, f - seven-headed hydra
Aim: a seven-headed hydra (chance to affect: 25%)
The seven-headed hydra resists with almost no effort.
You block the seven-headed hydra's attack.
The seven-headed hydra closely misses you.
The seven-headed hydra bites you but does no damage.
The seven-headed hydra bites you. The seven-headed hydra bites you! x2
The seven-headed hydra closely misses you.
As you read the scroll of fear, it crumbles to dust.
You assume a fearsome visage.
The seven-headed hydra resists with almost no effort.
The seven-headed hydra closely misses you.
The seven-headed hydra bites you!
The seven-headed hydra barely misses you.
The seven-headed hydra bites you!
You block the seven-headed hydra's attack.
The seven-headed hydra bites you.
The seven-headed hydra closely misses you.
Unknown command.
The seven-headed hydra bites you. x2
* * * LOW HITPOINT WARNING * * *
You block the seven-headed hydra's attack. x2
The seven-headed hydra barely misses you.
The seven-headed hydra bites you!
* * * LOW HITPOINT WARNING * * *
The seven-headed hydra closely misses you.
You feel yourself speed up. The seven-headed hydra bites you!
* * * LOW HITPOINT WARNING * * *
The seven-headed hydra bites you.
* * * LOW HITPOINT WARNING * * *
The seven-headed hydra bites you!
You die...
Xom roars with laughter!

.#.## #......[.....
....# #...........#
....# ##...........##
....# ##............P#
....#####.............##
....#..###.............#
.........##...........##
....#.#..........D.....#
....###.#.#.....@.....##
....# #####...........#
..### ##....#.##PP# ...#
###$#### ### #..### ..#
##.P.# #... .....##
##P.. ......# ##.##
......# ..


You could see a seven-headed hydra.

Vanquished Creatures
  A hydra (Lair:1)
  A catoblepas (Lair:3)
  A cyclops (D:9)
  2 orc knights (Bailey)
  2 merfolk sirens (Lair:3)
  2 black mambas
  3 cane toads
  4 rime drakes
  2 komodo dragons
  A meliai (shapeshifter) (Lair:1)
  A hornet (D:8)
  A troll (D:9)
  2 merfolk (Lair:3)
  8 blink frogs
  Sigmund (D:3)
  A vampire (D:10)
  28 yaks
  4 wyverns
  2 basilisks
  A steam dragon (Lair:4)
  A chaos spawn (D:2)
  5 nagas (Lair:3)
  9 water moccasins
  An ice beast (D:6)
  8 orc warriors
  4 ogres
  2 necrophages
  A sky beast (D:6)
  10 wolves (Lair:3)
  2 centaurs (D:9)
  A tengu (Lair:3)
  A phantom (D:5)
  6 bullfrogs
  3 kobold brigands
  A wyvern zombie (D:7)
  A scorpion (D:4)
  2 wyvern skeletons
  3 killer bees (D:6)
  3 electric eels
  14 wights
  2 howler monkeys
  A centaur zombie (D:8)
  A bullfrog zombie (D:6)
  2 hounds
  2 orc priests
  A gnoll shaman (D:5)
  A bullfrog skeleton (D:4)
  5 orc wizards
  4 iguanas
  A killer bee zombie (D:6)
  A howler monkey skeleton (D:4)
  9 gnolls
  10 adders
  3 river rats
  A shadow imp (D:6)
  3 white imps
  An ufetubus (D:6)
  2 adder skeletons (D:4)
  5 worms
  5 dart slugs
  30 orcs
  12 ball pythons
  5 endoplasms
  5 giant cockroaches
  10 hobgoblins
  9 jackals
  2 quokkas
  5 bats
  3 frilled lizards
  10 goblins
  37 kobolds
  15 rats
349 creatures vanquished.

Vanquished Creatures (collateral kills)
  A water moccasin (D:9)
  A centaur (D:7)
  3 wights (D:7)
5 creatures vanquished.

Vanquished Creatures (others)
  A wight (D:7)
  2 gnolls (D:5)
  5 fungi
  27 plants
35 creatures vanquished.

Grand Total: 389 creatures vanquished

Notes
Turn   | Place    | Note
-------+----------+-------------------------------------------
     0 | D:1      | lawman0 the Troll Chaos Knight began the quest for the Orb.
     0 | D:1      | Reached XP level 1. HP: 22/22 MP: 0/0
   123 | D:1      | Reached XP level 2. HP: 29/29 MP: 1/1
   167 | D:1      | XOM: divination: detect items
   301 | D:1      | XOM: scenery: summon butterflies
   417 | D:1      | XOM: summons 1 hostile shadow creature
   676 | D:2      | Reached XP level 3. HP: 36/36 MP: 2/2
   700 | D:2      | XOM: noise
   722 | D:2      | XOM: give mutation
   722 | D:2      | Gained mutation: You occasionally shout uncontrollably at
                  | your foes. [Xom's mischief]
   746 | D:2      | Reached skill level 4 in Unarmed Combat
   780 | D:2      | XOM: potion effect (heal wounds)
   783 | D:2      | XOM: give mutations
   783 | D:2      | Lost mutation: You occasionally shout uncontrollably at
                  | your foes. [Xom's mischief]
   783 | D:2      | Gained mutation: You occasionally shout uncontrollably at
                  | your foes. [Xom's mischief]
   783 | D:2      | Gained mutation: Armour fits poorly on your strangely
                  | shaped body. [Xom's mischief]
   783 | D:2      | Gained mutation: You are dopey. (Int -2) [Xom's mischief]
   838 | D:2      | XOM: 1-stop teleportation journey
   894 | D:2      | XOM: noise
   930 | D:2      | Reached XP level 4. HP: 44/44 MP: 3/3
  1023 | D:2      | Found a faded altar of an unknown god.
  1169 | D:3      | Noticed Grinder
  1171 | D:3      | Noticed Grinder
  1171 | D:3      | Grinder changed into Grinder the chaos spawn
  1171 | D:3      | XOM: polymorph Grinder -> Grinder the chaos spawn
  1180 | D:2      | Killed Grinder the chaos spawn
  1181 | D:2      | Reached skill level 5 in Unarmed Combat
  1181 | D:2      | Reached XP level 5. HP: 27/52 MP: 4/4
  1234 | D:3      | XOM: 3-stop teleportation journey
  1300 | D:3      | Noticed Sigmund
  1310 | D:3      | Lost mutation: Armour fits poorly on your strangely shaped
                  | body. [potion of mutation]
  1310 | D:3      | Lost mutation: You are dopey. (Int -2) [potion of mutation]
  1310 | D:3      | Lost mutation: You occasionally shout uncontrollably at
                  | your foes. [potion of mutation]
  1310 | D:3      | Gained mutation: You have a pair of small horns on your
                  | head. [potion of mutation]
  1310 | D:3      | Gained mutation: Your movements are slightly less
                  | encumbered by armour. (ER -2) [potion of mutation]
  1330 | D:3      | Killed Sigmund
  1331 | D:3      | Reached skill level 6 in Unarmed Combat
  1331 | D:3      | Reached XP level 6. HP: 51/61 MP: 5/5
  1677 | D:3      | Found a hide-covered altar of Uskayaw.
  1826 | D:3      | XOM: draining
  1863 | D:3      | Reached XP level 7. HP: 57/57 MP: 6/6
  2047 | D:3      | Reached skill level 7 in Unarmed Combat
  2211 | D:4      | Found an opulent altar of Gozag.
  2258 | D:4      | XOM: swap monsters
  2287 | D:4      | XOM: chaos upgrade
  2289 | D:4      | XOM: silly message
  2320 | D:4      | Found a glowing drain.
  2325 | D:4      | XOM: polymorph giant cockroach -> gnoll
  2332 | D:4      | XOM: summons 3 hostile demons
  2380 | Sewer    | Entered a sewer
  2450 | Sewer    | XOM: blink monster(s)
  2630 | Sewer    | XOM: swap monsters
  2631 | Sewer    | XOM: noise
  2639 | Sewer    | Reached skill level 1 in Shields
  2739 | D:4      | Reached skill level 1 in Stealth
  2816 | D:4      | Reached skill level 8 in Unarmed Combat
  2820 | D:4      | Reached XP level 8. HP: 20/75 MP: 7/7
  2926 | D:4      | XOM: torment (39/75 hp)
  2998 | D:4      | Found a stormy altar of Qazlal.
  3331 | D:5      | Entered Level 5 of the Dungeon
  3373 | D:5      | XOM: confuse monster(s)
  3375 | D:5      | XOM: cleaving
  3385 | D:5      | Reached skill level 9 in Unarmed Combat
  3389 | D:5      | Identified the +2 robe "Pissu" {rElec Str+7 SInv Stlth-}
  3467 | D:5      | XOM: divination: magic mapping
  3499 | D:5      | Found a runed translucent gate.
  3499 | D:5      | Found a runed translucent gate.
  3499 | D:5      | Found an opulent altar of Gozag.
  3499 | D:5      | Found a runed translucent gate.
  3499 | D:5      | Noticed porpoise's ghost (amateur DECj)
  3565 | D:5      | XOM: destruction
  3619 | D:5      | Found a staircase to the Ecumenical Temple.
  3788 | D:5      | XOM: 3-stop teleportation journey
  3920 | D:6      | XOM: repel stairs
  4026 | D:6      | Reached skill level 10 in Unarmed Combat
  4083 | D:6      | Reached XP level 9. HP: 83/83 MP: 8/8
  4096 | D:6      | XOM: 3-stop teleportation journey
  4139 | D:6      | XOM: 2-stop teleportation journey
  4141 | D:6      | XOM: enchant monster (good)
  4148 | D:6      | XOM: scenery: summon butterflies
  4468 | D:7      | XOM: destruction
  4471 | D:7      | XOM: scenery: create altars
  4477 | D:7      | XOM: summons 5 friendly demons
  4500 | D:7      | XOM: give mutation
  4500 | D:7      | Gained mutation: You are strong-willed. (Will+) [Xom's
                  | grace]
  4563 | D:7      | XOM: give mutations
  4563 | D:7      | Gained mutation: Your flesh is cold resistant. (rC+) [Xom's
                  | grace]
  4563 | D:7      | Gained mutation: You are partially covered in iridescent
                  | scales. (AC +2) [Xom's grace]
  4962 | D:7      | Reached skill level 11 in Unarmed Combat
  5014 | D:7      | Reached skill level 1 in Throwing
  5026 | D:7      | Found an iron altar of Okawaru.
  5124 | D:8      | Found Cymnibed's Magic Scroll Shoppe.
  5130 | D:8      | Bought a scroll of amnesia for 49 gold pieces
  5130 | D:8      | Bought a scroll of enchant weapon for 105 gold pieces
  5130 | D:8      | Bought a scroll of summoning for 133 gold pieces
  5366 | D:8      | XOM: destruction
  5697 | D:8      | XOM: stat loss: -1 Str (29/30)
  5742 | D:8      | XOM: 6-stop teleportation journey
  5761 | D:8      | XOM: cast spell 'Disjunction'
  5845 | D:8      | Found a transporter.
  5852 | D:8      | Reached XP level 10. HP: 79/86 MP: 9/9
  5861 | D:8      | Noticed a fire crab
  5864 | D:8      | Found a transporter.
  5867 | D:8      | Noticed a tengu warrior
  5867 | D:8      | Noticed a two-headed ogre
  5869 | D:8      | Found a basalt altar of Yredelemnul.
  5874 | D:8      | Noticed a black mamba
  5874 | D:8      | a fire crab changed into a black mamba
  5882 | D:8      | XOM: give mutations
  5882 | D:8      | Lost mutation: You are partially covered in iridescent
                  | scales. (AC +2) [Xom's mischief]
  5882 | D:8      | Lost mutation: Your flesh is cold resistant. (rC+) [Xom's
                  | mischief]
  5889 | D:8      | a black mamba changed into a shapeshifter
  5890 | D:8      | Noticed a salamander
  5890 | D:8      | a shapeshifter changed into a salamander
  5964 | D:8      | Found a shimmering altar of Xom.
  5993 | D:8      | Noticed a shining eye
  6193 | D:8      | Noticed a black mamba
  6213 | D:8      | XOM: give mutation
  6213 | D:8      | Gained mutation: You are weak. (Str -2) [Xom's mischief]
  6380 | D:9      | Identified a scroll of acquirement
  6380 | D:9      | Acquired 857 gold pieces
  6424 | D:9      | You fall into a shaft and drop 1 floor!
  6424 | D:10     | Entered Level 10 of the Dungeon
  6520 | D:9      | XOM: 1-stop teleportation journey
  6532 | D:9      | XOM: enchant monster (bad)
  6540 | D:9      | Found a flagged portal.
  6549 | Bailey   | Entered a bailey
  6591 | Bailey   | Noticed an orc knight
  6597 | Bailey   | Identified the +12 chain mail "Weerol" {rC+ Will- Regen+
                  | rCorr}
  6615 | Bailey   | Noticed an orc knight
  6642 | Bailey   | Reached skill level 12 in Unarmed Combat
  6684 | Bailey   | XOM: summons 6 hostile demons
  6699 | Bailey   | Reached skill level 5 in Dodging
  6733 | Bailey   | Killed an orc knight
  6734 | Bailey   | Reached skill level 5 in Shields
  6734 | Bailey   | Reached skill level 1 in Evocations
  6755 | Bailey   | Killed an orc knight
  7279 | D:9      | XOM: cast spell 'Leda's Liquefaction'
  7295 | D:9      | XOM: divination: magic mapping
  7299 | D:9      | XOM: confuse monster(s)
  7525 | D:9      | Reached XP level 11. HP: 82/100 MP: 10/10
  7556 | D:9      | Found a staircase to the Lair.
  7613 | D:9      | Reached skill level 13 in Unarmed Combat
  7651 | D:9      | XOM: god gift: wand of acid (9)
  7697 | D:9      | Found a sparkling altar of Nemelex Xobeh.
  7758 | Lair:1   | Entered Level 1 of the Lair of Beasts
  7773 | Lair:1   | Noticed a seven-headed hydra
  7778 | Lair:1   | XOM: scenery: summon butterflies
  7807 | Lair:1   | XOM: cleaving
  7920 | Lair:1   | XOM: destruction
  7924 | Lair:1   | a seven-headed hydra changed into a shapeshifter
  7924 | Lair:1   | XOM: polymorph seven-headed hydra -> shapeshifter
  7970 | Lair:1   | XOM: 1-stop teleportation journey
  8088 | Lair:1   | Noticed a seven-headed hydra
  8094 | Lair:1   | Killed a seven-headed hydra
  8458 | Lair:2   | Reached skill level 14 in Unarmed Combat
  8591 | Lair:2   | You fall into a shaft and drop 1 floor!
  8598 | Lair:3   | XOM: potion effect (might)
  8681 | Lair:3   | XOM: cloud trail
  8727 | Lair:3   | XOM: enchant monster (good)
  8757 | Lair:3   | XOM: silly message
  8770 | Lair:3   | XOM: polymorph water moccasin -> tengu
  8876 | Lair:3   | Reached XP level 12. HP: 93/107 MP: 11/11
  8967 | Lair:3   | Found a staircase to the Shoals.
  9024 | Lair:3   | XOM: chaos cloud
  9096 | Lair:3   | XOM: confusion
  9140 | Lair:3   | XOM: chaos cloud
  9271 | Lair:3   | Noticed a catoblepas
  9278 | Lair:3   | Killed a catoblepas
  9279 | Lair:3   | Reached skill level 15 in Unarmed Combat
  9337 | Lair:3   | XOM: swap monsters
  9338 | Lair:3   | XOM: 1-stop teleportation journey
  9458 | Lair:3   | Found a staircase to the Snake Pit.
  9940 | Lair:4   | XOM: chaos cloud
 10079 | Lair:4   | Noticed a seven-headed hydra
 10086 | Lair:4   | Slain by a seven-headed hydra

Illustrated notes

Levels and vault maps discovered:
D:1:      minmay_arrival_nine_rooms, layout_basic, minivault_5, minmay_cupped
D:2:      layout_rooms, hellmonk_ecumenical_altar_run_dry, minmay_vboxes
D:3:      minmay_diamond_boxcup, layout_basic, lemuel_crystal_altar,
          uniq_sigmund, uniq_grinder
D:4:      layout_loops_cross, kennysheep_mini_moat, lemuel_doored_altar,
          portal_sewer_entry_b
D:5:      layout_rooms, minmay_temple_entry_large_hall, ebering_ghost_gozag,
          grunt_decor_fettered, kennysheep_generic_room_7
D:6:      layout_basic, grunt_ministairs_13
D:7:      layout_loops_ring, lemuel_round_altar
D:8:      layout_basic, kennysheep_little_box, gammafunk_temple_overflow_arena,
          serial_shops, nicolae_diamond_shop, minivault_14,
          kennysheep_cluttered_room, minmay_misc_feat_x,
          chequers_serial_rivers_large_a
D:9:      layout_cave_pools, nemelex_diamond_rough_becter,
          minmay_lair_entry_grove, enter_bailey_6, lightli_minifort
D:10:     kennysheep_windowed_halls, layout_rooms, demons_altar,
          ashenzari_altar_1, orc_0_dummy
Lair:1:   layout_big_grid, grunt_megastairs_3, serial_bayou_shore_a
Lair:2:   layout_big_grid, uniq_erica
Lair:3:   layout_regular_city, elwin_shoals_entry_stream,
          minmay_snake_entry_guardpost_medium, beast_lair_carwin_11,
          lemuel_fruit_tree, infiniplex_staircase_pool_2, grunt_megastairs_5
Lair:4:   layout_roguey, kennysheep_catoblepas_arena

Skill      XL: |  1  2  3  4  5  6  7  8  9 10 11 12 |
---------------+-------------------------------------+-----
Dodging        | 2 3 4 5 |  5.9
Unarmed Combat | 4 5 6 8 10 11 12 14 15 | 15.5
Fighting       | 3 4 |  4.4
Shields        | 1 2 4 5 6 7 |  7.1
Stealth        | 1 2 |  2.3
Throwing       | 1 2 3 |  3.3
Evocations     | 2 3 4 |  4.2

Action                   |  1- 3 |  4- 6 |  7- 9 | 10-12 || total
-------------------------+-------+-------+-------+-------++-------
Melee: Unarmed           |   120 |    90 |   381 |   406 ||   997
       Headbutt          |       |     5 |    64 |    82 ||   151
       Punch             |       |     2 |       |       ||     2
Throw: Dart              |       |       |    10 |    29 ||    39
       Boomerang         |       |       |       |    37 ||    37
       Large rock        |       |       |       |     2 ||     2
Evoke: Wand              |       |       |     4 |    16 ||    20
  Use: Scroll            |     3 |     1 |     4 |    14 ||    22
       Potion            |       |     3 |     3 |     6 ||    12
 Stab: Sleeping          |       |     1 |     1 |     2 ||     4
       Confused          |       |       |     1 |       ||     1
       Paralysed         |       |       |     1 |     7 ||     8
Armor: Robe              |    67 |    20 |   152 |   119 ||   358
Dodge: Dodged            |    72 |    43 |   160 |   173 ||   448
Block: Kite shield       |       |       |   144 |   217 ||   361

Table legend: (Time is in decaauts)
 A = Elapsed time spent in this place.
 B = Non-inter-level travel time spent in this place.
 C = Inter-level travel time spent in this place.
 D = Time resting spent in this place.
 E = Time spent auto-exploring this place.
 F = Levels seen in this place.
 G = Mean time per level.
                   A        B        C        D        E       F      G
               +--------+--------+--------+--------+--------+-----+--------+
         Total |  10105 |   9748 |    357 |    622 |   6107 |  16 |  631.6 |
       Dungeon |   6914 |   6604 |    310 |    327 |   4450 |  10 |  691.4 |
          Lair |   2281 |   2235 |     46 |    236 |   1397 |   4 |  570.2 |
         Sewer |    404 |    404 |      0 |      0 |    198 |   1 |  404.0 |
        Bailey |    504 |    504 |      0 |     59 |     61 |   1 |  504.0 |
               +--------+--------+--------+--------+--------+-----+--------+

Top non-repeatable levels by time:
  Lair:3: 1255 daAuts
     D:8: 1245 daAuts
     D:4: 984 daAuts
     D:9: 824 daAuts
     D:3: 778 daAuts
     D:1: 667 daAuts
     D:7: 666 daAuts
  Lair:1: 642 daAuts
     D:5: 589 daAuts
     D:2: 566 daAuts
     D:6: 540 daAuts
  Bailey: 504 daAuts
   Sewer: 404 daAuts
  Lair:4: 194 daAuts
  Lair:2: 189 daAuts
